 Dungeon Crawl Stone Soup version 0.28-a0-2-g643f2454ad (webtiles) character file.

Game seed: 3304757815502563922

1915 Wyvernaa the Insei (level 9, -6/43 HPs)
             Began as a Vine Stalker Transmuter on July 22, 2021.
             Was a Believer of Ashenzari.
             Killed from afar by an electric eel (10 damage)
             ... with a bolt of electricity
             ... on level 8 of the Dungeon.
             The game lasted 00:26:06 (7406 turns).

Wyvernaa the Insei (Vine Stalker Transmuter)        Turns: 7406, Time: 00:26:08

Health: -6/43      AC:  7    Str: 14    XL:     9   Next: 16%
Magic:  0/18       EV: 13    Int: 16    God:    Ashenzari [**....]
Gold:   388        SH:  0    Dex: 14    Spells: 14/19 levels left

rFire   . . .      SeeInvis +     - Unarmed
rCold   . . .      Faith    .   (no shield)
rNeg    . . .      Spirit   +   a - +0 robe
rPois   .          Reflect  .   (helmet currently unavailable)
rElec   .          Harm     .   b - +0 cloak "Eternal Together" {Elem, Evo} (curse)
rCorr   .          Rampage  .   (no gloves)
Will    ++...                   (boots currently unavailable)
Stlth   ++........              (no amulet)
HPRegen 1.14/turn               f - ring "Share My Foul Odors" {Will+, Alch, Elem} (curse)
MPRegen 0.16/turn               l - ring "Tethered Together" {AC+4, Comp, Melee} (curse)

@: appendages, wereblooded
A: horns 2, talons 2, fangs 3, regeneration 1, magic shield, antimagic bite, no
potion heal 2
a: End Transformation, Renounce Religion, Curse Item, Shatter the Chains


You were on level 8 of the Dungeon.
You worshipped Ashenzari.
Ashenzari was pleased with you.
You had temporarily grown beastly horns and talons.
You visited 1 branch of the dungeon, and saw 8 of its levels.

You collected 388 gold pieces.

Inventory:

Armour
 a - a +0 robe (worn)
 b - the cursed +0 cloak "Eternal Together" (worn) {Elem, Evo}
   (You found it on level 1 of the Dungeon)

   It has a curse which improves the following skills: Elements: Fire Magic, Ice
   Magic, Air Magic and Earth Magic.
   Evocations: Evocations.
Jewellery
 f - the cursed ring "Share My Foul Odors" (left hand) {Will+, Alch, Elem}
   (You found it on level 3 of the Dungeon)

   [ring of willpower]

   Will:      It increases your willpower.
   It has a curse which improves the following skills: Alchemy: Poison Magic and
   Transmutations.
   Elements:  Fire Magic, Ice Magic, Air Magic and Earth Magic.
 l - the cursed ring "Tethered Together" (right hand) {AC+4, Comp, Melee}
   (You found it on level 5 of the Dungeon)

   [ring of protection]

   AC:        It affects your AC (+4).
   It has a curse which improves the following skills: Companions: Summonings
   and Necromancy.
   Melee Combat: Short Blades, Long Blades, Axes, Maces & Flails, Polearms,
   Staves and Unarmed Combat.
 n - a ring of fire
 p - a +4 ring of protection
 q - a +4 ring of slaying
Wands
 k - a wand of polymorph (6)
 t - a wand of iceblast (11)
Scrolls
 g - 3 scrolls of teleportation
 h - a scroll of enchant armour
 m - 2 scrolls of magic mapping
 o - a scroll of holy word
 u - a scroll of brand weapon
Potions
 c - 6 potions of curing
 d - a potion of invisibility
 e - 2 potions of berserk rage
 i - a potion of might
 j - a potion of flight
 r - a potion of haste
 s - 2 potions of cancellation


   Skills:
 + Level 2.6 Fighting
 + Level 3.3 Dodging
 + Level 3.7 Stealth
 + Level 7.4(8.9) Unarmed Combat
 + Level 5.8 Spellcasting
 + Level 0.2(0.5) Summonings
 + Level 5.6(7.0) Transmutations


You had 14 spell levels left.
You knew the following spells:

 Your Spells              Type           Power      Damage    Failure   Level
a - Beastly Appendage     Tmut           54%        N/A       1%          1
b - Wereblood             Tmut           27%        N/A       1%          2
c - Call Imp              Summ           6%         N/A       17%         2

Your spell library contained the following spells:

 Spells                   Type           Power      Damage    Failure   Level
 Spider Form              Tmut/Pois      8%         N/A       10%         3
 Magic Dart               Conj           16%        1d3       14%         1
 Ice Form                 Ice/Tmut       16%        N/A       30%         4
 Mephitic Cloud           Conj/Pois/Air  5%         N/A       36%         3


Dungeon Overview and Level Annotations

Branches:
Dungeon (8/15)             Temple (0/1) D:6
   Lair: D:8-11

Altars:
Ashenzari
Cheibriados
Trog
Uskayaw

Shops:
D:3 !   D:6 [

Annotations:
D:8 Prince Ribbit


Innate Abilities, Weirdness & Mutations

You have temporarily grown beastly horns and talons.
You have razor-sharp teeth.
Your natural rate of healing is unusually fast.
When hurt, damage is shared between your health and your magic reserves.
Your bite disrupts and absorbs the magic of your enemies.
Potions cannot restore your health.


Message History

Casting: Call Imp (safe; 17% risk of failure)
Confirm with . or Enter, or press ? or * to list all spells.
Your blood is infused with primal strength.
You swap places.
Prince Ribbit hits you!
You punch Prince Ribbit! You bite Prince Ribbit.
Prince Ribbit's magic leaks into the air.
You drain his magic.
You feel invigorated.
Prince Ribbit is moderately wounded.
Your crimson imp closely misses Prince Ribbit.
Prince Ribbit hits you.
You punch Prince Ribbit!
Prince Ribbit is severely wounded.
Prince Ribbit hits you!
You barely miss Prince Ribbit. Your headbutt misses Prince Ribbit.
Your bite misses Prince Ribbit.
Prince Ribbit is severely wounded.
A bolt of electricity appears from out of your range of vision.
The bolt of electricity hits your crimson imp!
Prince Ribbit closely misses you.
Your crimson imp blinks!
You barely miss Prince Ribbit. You punch Prince Ribbit.
Your bite misses Prince Ribbit.
Prince Ribbit is severely wounded.
Prince Ribbit blinks!
An electric eel comes into view.
Prince Ribbit casts a spell.
Prince Ribbit looks slightly unstable.
Prince Ribbit sighs at your shadow imp, "It's not easy being green!"
You swap places.
The electric eel shoots out a bolt of lightning at you!
The bolt of electricity hits your shadow imp!
The bolt of electricity hits you! x2
* * * LOW HITPOINT WARNING * * *
The electric eel shoots out a bolt of lightning at you!
The bolt of electricity hits your shadow imp!
Your shadow imp dies!
The bolt of electricity hits you!
* * * LOW HITPOINT WARNING * * *
The bolt of electricity hits you!
You die...

.......##............≈≈..
* *
..≈≈...#...####.....≈≈≈≈≈
.≈≈≈≈..+...#..#......≈≈≈.
*
..≈≈≈≈.#._.#(.#.......≈..
,
.≈≈≈;..#...#(.#...)......
..≈≈≈.F#...####..........
.......##5...............
...........#.##..........
, ,
........@###.##.#########
*.......### #.##.#
#......, ..##.# *#.#####*
,,....>. , , # *, .......
, * .....###* * ** ......
* , ... , , *


You could see Prince Ribbit (unaware), an electric eel, 2 dancing weapons and a
friendly crimson imp (summoned).

Vanquished Creatures
  A steam dragon (D:8)
  A sky beast (D:7)
  2 ogres (D:5)
  A black bear (D:7)
  2 necrophages (D:6)
  A centaur (D:7)
  A kobold brigand (D:7)
  A wyvern zombie (D:6)
  3 scorpions
  2 centaur zombies
  A jelly (D:8)
  4 hounds
  3 bullfrog zombies (D:6)
  An orc priest (D:4)
  2 bullfrog skeletons (D:6)
  4 iguanas
  A scorpion zombie (D:5)
  3 orc wizards
  A hound zombie (D:5)
  A howler monkey zombie (D:7)
  A howler monkey skeleton (D:7)
  7 adders
  3 white imps
  4 ufetubi
  An adder zombie (D:5)
  4 worms
  A dart slug (D:4)
  24 orcs
  10 endoplasms
  3 giant cockroaches
  8 goblins
  4 hobgoblins
  3 jackals (D:1)
  6 kobolds
  5 quokkas
  5 ball pythons
  6 bats
  6 frilled lizards
  13 rats
150 creatures vanquished.

Vanquished Creatures (collateral kills)
  An orc (D:8)
1 creature vanquished.

Grand Total: 151 creatures vanquished

Notes
Turn   | Place    | Note
-------+----------+-------------------------------------------
     0 | D:1      | Wyvernaa the Vine Stalker Transmuter began the quest for
                  | the Orb.
     0 | D:1      | Reached XP level 1. HP: 9/9 MP: 4/4
   433 | D:1      | Reached XP level 2. HP: 12/14 MP: 4/6
   963 | D:1      | Reached XP level 3. HP: 17/17 MP: 5/7
  1161 | D:2      | Reached skill level 1 in Fighting
  1594 | D:2      | Gained mutation: Your natural rate of healing is unusually
                  | fast. [Vine Stalker growth]
  1594 | D:2      | Reached XP level 4. HP: 18/22 MP: 7/9
  1602 | D:2      | Learned a level 2 spell: Wereblood
  2765 | D:3      | Found a faded altar of an unknown god.
  3005 | D:3      | Found Vuonac's Distillery.
  3156 | D:4      | Noticed a scorpion
  3193 | D:4      | Found a broken altar of Ashenzari.
  3281 | D:4      | Reached XP level 5. HP: 19/25 MP: 8/10
  3309 | D:4      | Reached skill level 4 in Unarmed Combat
  3412 | D:4      | Reached skill level 1 in Stealth
  3593 | D:4      | Reached XP level 6. HP: 23/30 MP: 8/12
  3637 | D:4      | Became a worshipper of Ashenzari the Shackled
  4166 | D:5      | Entered Level 5 of the Dungeon
  4516 | D:5      | Reached skill level 5 in Unarmed Combat
  4516 | D:5      | Reached XP level 7. HP: 25/33 MP: 6/14
  5142 | D:5      | Found a bloodstained altar of Trog.
  5375 | D:5      | Found a snail-covered altar of Cheibriados.
  5428 | D:6      | Reached * piety under Ashenzari
  5536 | D:6      | Gained mutation: You have razor-sharp teeth. [Vine Stalker
                  | growth]
  5536 | D:6      | Reached XP level 8. HP: 39/39 MP: 15/15
  5556 | D:6      | Found Gaomullo's Armour Shop.
  5907 | D:6      | Reached skill level 6 in Unarmed Combat
  6092 | D:6      | Reached ** piety under Ashenzari
  6317 | D:6      | Reached skill level 5 in Spellcasting
  6338 | D:6      | Found a staircase to the Ecumenical Temple.
  6466 | D:7      | Reached skill level 5 in Transmutations
  6647 | D:7      | Reached skill level 7 in Unarmed Combat
  6746 | D:7      | Reached XP level 9. HP: 32/43 MP: 11/18
  6749 | D:7      | Learned a level 2 spell: Call Imp
  7311 | D:8      | Noticed a +0 dagger
  7312 | D:8      | Noticed a +0 dagger
  7384 | D:8      | Found a hide-covered altar of Uskayaw.
  7393 | D:8      | Noticed Prince Ribbit
  7406 | D:8      | Killed from afar by an electric eel

Illustrated notes

Levels and vault maps discovered:
D:1:      minmay_arrival_loop, layout_basic
D:2:      minmay_skewed_foursquare, layout_loops_ring, kennysheep_generic_room_2
D:3:      layout_basic, ebering_ecumenical_altar_sacrificial, serial_shops, shop
D:4:      layout_cave_pools, ashenzari_altar_1, corexii_corridor_pit
D:5:      layout_rooms, kennysheep_little_box,
          mainiacjoe_overflow_small_starburst
D:6:      layout_gridville, minmay_temple_entry_statues, serial_shops,
          nicolae_shop_crystal, minivault_11, patterned_corridor
D:7:      layout_gridville, dk_vineyard_1
D:8:      layout_basic, dancing_weapons_uskayaw, uniq_prince_ribbit1

Skill      XL: |  1  2  3  4  5  6  7  8 |
---------------+-------------------------+-----
Fighting       | 1 2 |  2.6
Spellcasting   | 3 4 5 |  5.8
Transmutations | 3 4 5 |  5.6
Unarmed Combat | 4 5 7 |  7.4
Dodging        | 2 3 |  3.3
Stealth        | 1 2 3 |  3.7
Summonings     | |  0.2

Action                   |  1- 3 |  4- 6 |  7- 9 || total
-------------------------+-------+-------+-------++-------
Melee: Unarmed           |    88 |   166 |   197 ||   451
       Bite              |    20 |    48 |    45 ||   113
       Kick              |    17 |    45 |    55 ||   117
       Headbutt          |     9 |    18 |    32 ||    59
       Punch             |     1 |     4 |     6 ||    11
 Cast: Beastly Appendage |    23 |    38 |    33 ||    94
       Wereblood         |       |     1 |    11 ||    12
       Call Imp          |       |       |     6 ||     6
Invok: Curse Item        |       |     1 |     2 ||     3
  Use: Scroll            |     2 |     2 |       ||     4
       Potion            |       |     1 |       ||     1
 Stab: Sleeping          |     1 |     3 |     4 ||     8
Armor: Robe              |    24 |    19 |    54 ||    97
Dodge: Dodged            |    43 |    81 |   108 ||   232

Table legend: (Time is in decaauts)
 A = Elapsed time spent in this place.
 B = Non-inter-level travel time spent in this place.
 C = Inter-level travel time spent in this place.
 D = Time resting spent in this place.
 E = Time spent auto-exploring this place.
 F = Levels seen in this place.
 G = Mean time per level.
                   A        B        C        D        E       F      G
               +--------+--------+--------+--------+--------+-----+--------+
         Total |   7361 |   7216 |    145 |   1321 |   4534 |   8 |  920.1 |
       Dungeon |   7361 |   7216 |    145 |   1321 |   4534 |   8 |  920.1 |
               +--------+--------+--------+--------+--------+-----+--------+

Top non-repeatable levels by time:
     D:3: 1264 daAuts
     D:5: 1214 daAuts
     D:1: 1120 daAuts
     D:6: 1044 daAuts
     D:2: 1011 daAuts
     D:4: 754 daAuts
     D:7: 745 daAuts
     D:8: 205 daAuts
